 Dungeon Crawl Stone Soup version 0.26.1-10-gdfb7c7de75 (webtiles) character file.

Game seed: 4344146972557682573

1214 tardwrangler69 the Chopper (level 8, -4/70 HPs)
             Began as a Minotaur Fighter on Mar 31, 2021.
             Slain by a worker ant (5 damage)
             ... on level 6 of the Dungeon.
             The game lasted 00:04:17 (4563 turns).

tardwrangler69 the Chopper (Minotaur Fighter)       Turns: 4563, Time: 00:04:18

Health: -4/70      AC:  7    Str: 23    XL:     8   Next: 22%
Magic:  7/7        EV: 12    Int:  5    God:
Gold:   282        SH:  0    Dex: 10    Spells: 7/7 levels left

rFire    . . .     SeeInvis .   q - +0 battleaxe
rCold    . . .     Faith    .   (shield currently unavailable)
rNeg     . . .     Spirit   .   b - +0 scale mail
rPois    .         Reflect  .   (helmet restricted)
rElec    .         Harm     .   (no cloak)
rCorr    .         Rampage  .   (no gloves)
Will     .....                  (no boots)
Stlth    ..........             (no amulet)
HPRegen  0.21/turn              (no ring)
MPRegen  0.10/turn              (no ring)

@: lethally poisoned (-4 -> -7)
A: retaliatory headbutt, horns 2
a: no special abilities


You were on level 6 of the Dungeon.
You visited 1 branch of the dungeon, and saw 6 of its levels.
You also visited: Sewer.

You collected 282 gold pieces.

Inventory:

Hand Weapons
 a - a +0 war axe
 q - a +0 battleaxe (weapon)
Armour
 b - a +0 scale mail (worn)
 c - a +0 kite shield
Jewellery
 r - an uncursed ring of stealth {unknown}
Wands
 p - a wand of digging (8)
 t - a wand of acid (11)
Scrolls
 f - a scroll of blinking
 i - a scroll of fear
 j - 4 scrolls of fog
 k - a scroll of magic mapping
 l - a scroll of remove curse
 m - 4 scrolls of identify
 s - a scroll of vulnerability {unknown}
Potions
 d - 4 potions of might
 e - a potion of flight {unknown}
 g - a potion of heal wounds {unknown}
 h - 2 potions of curing {unknown}
 n - 2 potions of cancellation
 o - a potion of mutation {unknown}
 u - a potion of haste {unknown}


   Skills:
 + Level 6.0 Fighting
 * Level 7.2 Axes
 + Level 6.0 Armour
 * Level 4.6 Dodging
 - Level 5.5 Shields


You had 7 spell levels left.
You didn't know any spells.
Your spell library was empty.

Dungeon Overview and Level Annotations

Branches:
Dungeon (6/15)              Sewer (visited)
 Temple: D:4-7

Altars:
Qazlal
The Shining One


Innate Abilities, Weirdness & Mutations

You reflexively headbutt those who attack you in melee.
You have a pair of horns on your head.


Message History

You slash the ogre!
You kill the ogre!
You hit the worker ant. The worker ant closely misses you.
The worker ant misses you.
Your Armour skill increases to level 6!
You closely miss the worker ant.
The worker ant is severely wounded.
The worker ant waves its antennae.
The worker ant barely misses you.
The worker ant bites you but does no damage.
You closely miss the worker ant.
The worker ant is severely wounded.
The worker ant barely misses you.
You closely miss the worker ant.
The worker ant is severely wounded.
The worker ant bites you.
* * * LOW HITPOINT WARNING * * *
You are lethally poisoned!
The worker ant poisons you! The worker ant bites you.
You die...

.# .# #####
#.###.#
#....####......#
#..............#
##..............#
...............# #
#.......).....#
.#.#......@......#
...$#.#...B.....##
#.........>.....#
...#...........#
###.#.....$...
#####.####......
#........#......
#.#......#......
.##
#.#............


You could see a worker ant.

Vanquished Creatures
  2 phantoms
  Purgy (Sewer)
  4 ogres
  A water moccasin zombie (D:4)
  A water moccasin skeleton (D:5)
  2 hounds
  A bullfrog skeleton (D:4)
  3 orc wizards
  2 iguanas
  3 worker ants
  A hound skeleton (D:4)
  A worker ant zombie (D:6)
  Robin (D:4)
  5 adders
  A white imp (D:5)
  3 dart slugs (D:1)
  2 leopard geckos
  18 orcs
  4 ball pythons
  9 bats
  5 giant cockroaches
  8 goblins
  9 hobgoblins
  10 jackals
  4 kobolds
  4 quokkas
  11 frilled lizards
  A leopard gecko skeleton (D:4)
  A quokka skeleton (D:5)
  2 rats
120 creatures vanquished.

Notes
Turn   | Place    | Note
-------+----------+-------------------------------------------
     0 | D:1      | tardwrangler69 the Minotaur Fighter began the quest for the
                  | Orb.
     0 | D:1      | Reached XP level 1. HP: 19/19 MP: 0/0
   176 | D:1      | Reached XP level 2. HP: 27/27 MP: 1/1
   340 | D:1      | Reached skill level 3 in Axes
   488 | D:1      | Reached skill level 1 in Dodging
   686 | D:1      | Reached XP level 3. HP: 30/33 MP: 2/2
  1281 | D:2      | Found a stormy altar of Qazlal.
  1497 | D:3      | Reached XP level 4. HP: 30/40 MP: 3/3
  1640 | D:3      | Found a glowing drain.
  1651 | Sewer    | Entered a sewer
  1661 | Sewer    | Reached skill level 4 in Axes
  1722 | Sewer    | Noticed Purgy
  1731 | Sewer    | Killed Purgy
  1732 | Sewer    | Reached XP level 5. HP: 38/47 MP: 4/4
  2251 | D:3      | Found a glowing golden altar of the Shining One.
  2409 | D:3      | Reached XP level 6. HP: 53/53 MP: 5/5
  2544 | D:4      | Noticed Robin
  2554 | D:4      | Killed Robin
  2668 | D:4      | Reached skill level 5 in Axes
  2910 | D:4      | Reached skill level 5 in Fighting
  3167 | D:4      | Reached skill level 5 in Armour
  3288 | D:4      | Reached skill level 5 in Shields
  3288 | D:4      | Reached XP level 7. HP: 56/61 MP: 6/6
  3443 | D:4      | Reached skill level 6 in Axes
  3598 | D:5      | Entered Level 5 of the Dungeon
  4164 | D:5      | Reached XP level 8. HP: 66/70 MP: 7/7
  4505 | D:6      | Reached skill level 7 in Axes
  4563 | D:6      | HP: 1/70 [worker ant (4)]
  4563 | D:6      | Slain by a worker ant

Illustrated notes

Levels and vault maps discovered:
D:1:      psy_arrival_radial01, layout_basic
D:2:      layout_rooms, grunt_qazlal_clouds
D:3:      layout_loops_ring, tso_altar, cheibrodos_sewer_entry_drain
D:4:      layout_loops_ring, uniq_robin
D:5:      cheibrodos_quashed, layout_basic
D:6:      layout_basic, basic_altar, minmay_strange_pillars

Skill      XL: |  1  2  3  4  5  6  7  8 |
---------------+-------------------------+-----
Axes           | 3 4 5 6 7 |  7.2
Dodging        | 1 2 3 4 |  4.6
Armour         | 4 5 6 |  6.0
Fighting       | 4 5 6 |  6.0
Shields        | 4 5 |  5.5

Action                   |  1- 3 |  4- 6 |  7- 9 || total
-------------------------+-------+-------+-------++-------
Melee: War axe           |    92 |   139 |    57 ||   288
       Headbutt          |    11 |    24 |    16 ||    51
       Battleaxe         |       |       |    45 ||    45
  Use: Scroll            |       |     9 |       ||     9
Armor: Scale mail        |    45 |    59 |    38 ||   142
Dodge: Dodged            |    36 |    48 |    44 ||   128
Block: Kite shield       |    65 |    61 |    29 ||   155
